 Dungeon Crawl Stone Soup version 0.22.1-1-ga44c0e56f4 (webtiles) character file.

88 Riddle the Skirmisher (level 4, -3/37 HPs)
             Began as a Formicid Monk on Sept 21, 2018.
             Was a Believer of Elyvilon.
             Succumbed to Edmund's poison
             ... on level 4 of the Dungeon.
             The game lasted 00:08:12 (3526 turns).

Riddle the Skirmisher (Formicid Monk)               Turns: 3526, Time: 00:08:12

Health: -3/37      AC: 10    Str: 17    XL:     4   Next: 82%
Magic:  0/4        EV:  3    Int:  9    God:    Elyvilon [**....]
Gold:   130        SH:  8    Dex: 13    Spells: 3/3 levels left

rFire    . . .     SeeInvis +   e - +1 flail (venom)
rCold    . . .     Gourm    .   f - +0 shield
rNeg     . . .     Faith    .   k - +0 plate armour
rPois    .         Spirit   .   (helmet unavailable)
rElec    .         Reflect  .   m - scarf {cloud immunity}
rCorr    .         Harm     .   (no gloves)
MR       .....                  (no boots)
Stlth    ..........             (no amulet)
HPRegen  0.12/turn              (no ring)
MPRegen  0.09/turn              (no ring)

@: lethally poisoned (-3 -> -55), protection
A: permanent stasis, dig shafts and tunnels, four strong arms, antennae 3
a: Dig, Shaft Self, Lesser Healing, Heal Other, Divine Protection, Renounce
Religion


You were on level 4 of the Dungeon.
You worshipped Elyvilon.
Elyvilon was pleased with you.
You were very hungry.

You visited 1 branch of the dungeon, and saw 4 of its levels.

You collected 130 gold pieces.

Inventory:

Hand Weapons
 e - a +1 flail of venom (weapon)
Armour
 f - a +0 shield (worn)
 k - a +0 plate armour (worn)
 m - a scarf of cloud immunity (worn)
Wands
 h - a wand of polymorph (9)
Scrolls
 i - 2 scrolls of teleportation
 l - 2 scrolls of identify
 n - a scroll of noise {unknown}
 o - a scroll of immolation {unknown}
 q - a scroll of enchant weapon {unknown}
 r - a scroll of amnesia {unknown}
Potions
 b - a potion of flight {unknown}
 d - 2 potions of heal wounds {unknown}
 g - a potion of agility {unknown}
 j - a potion of might {unknown}
 p - a potion of curing {unknown}
Comestibles
 a - 3 chunks of flesh
 c - 5 rations


   Skills:
 + Level 4.1 Fighting
   Level 3.0 Long Blades
 + Level 0.0 Maces & Flails
 + Level 2.1 Armour
 - Level 3.2 Dodging
 - Level 2.4 Stealth
 + Level 1.3 Shields
 * Level 0.6 Invocations


You had 3 spell levels left.
You didn't know any spells.
Your spell library was empty.

Dungeon Overview and Level Annotations

Branches:
Dungeon (4/15)
 Temple: D:4-7

Altars:
Elyvilon
Okawaru
Ru

Annotations:
D:4 Edmund, Eustachio


Innate Abilities, Weirdness & Mutations

You cannot be hasted, slowed, berserked, paralysed or teleported.
You can dig through walls and to a lower floor.
Your four strong arms can wield two-handed weapons with a shield.
You have a pair of large antennae on your head. (SInv)


Message History

You are healed.
You are feeling hungry.
* * * LOW HITPOINT WARNING * * *
You feel very sick. You block Edmund's attack.
The crimson imp summons a swarm of flies.
The crimson imp blinks!
You are healed.
You feel somewhat more hungry.
* * * LOW HITPOINT WARNING * * *
You feel very sick.
Edmund hits you with a dire flail of venom.
* * * LOW HITPOINT WARNING * * *
You are more poisoned.
Edmund barely misses you.
You beseech Elyvilon to protect your life.
Elyvilon protects you from harm! You block Edmund's attack.
Are you sure you want to shaft yourself?
You are feeling very hungry.
You die...

..... ...# #......#.##.#.##
...#.##..# #......#.##.#.##
#.ยง......###......#.##.#.##
........................(..
#..###......#.##.#.## #.{#
##.......##.#.## #.{#
#.#.###.## #.#
.####@b####.#.###.# #.##
......r5@@.......... ....
##################### ####


You could see Edmund, Eustachio, a quasit, a river rat and a bat.

Vanquished Creatures
  A gnoll (D:1)
  2 adders
  A dart slug (D:2)
  A leopard gecko (D:4)
  An orc (D:4)
  10 bats
  A giant cockroach (D:1)
  5 hobgoblins
  7 jackals
  A ball python (D:2)
  7 frilled lizards
  7 goblins
  3 kobolds
  A leopard gecko skeleton (D:4)
  9 rats
57 creatures vanquished.

Notes
Turn   | Place    | Note
-------+----------+-------------------------------------------
     0 | D:1      | Riddle the Formicid Monk began the quest for the Orb.
     0 | D:1      | Reached XP level 1. HP: 18/18 MP: 1/1
   278 | D:1      | Reached XP level 2. HP: 24/24 MP: 2/2
   328 | D:1      | Reached skill level 1 in Armour
   597 | D:1      | Reached XP level 3. HP: 21/30 MP: 3/3
  1589 | D:2      | Found an iron altar of Okawaru.
  1613 | D:2      | Reached XP level 4. HP: 15/37 MP: 4/4
  1619 | D:2      | Reached skill level 4 in Fighting
  1959 | D:2      | Found a faded altar of an unknown god.
  2021 | D:2      | Found a sacrificial altar of Ru.
  2062 | D:2      | Reached skill level 1 in Shields
  2160 | D:3      | Found a white marble altar of Elyvilon.
  2201 | D:3      | Became a worshipper of Elyvilon the Healer
  2201 | D:3      | Reached * piety under Elyvilon
  2201 | D:3      | Reached ** piety under Elyvilon
  3504 | D:4      | Noticed Edmund
  3505 | D:4      | Noticed Eustachio
  3524 | D:4      | HP: 1/37 [Edmund/dire flail of venom (2)]
  3525 | D:4      | Elyvilon protects you from harm!
  3526 | D:4      | Succumbed to Edmund's poison

Skill      XL: |  1  2  3  4 |
---------------+-------------+-----
Armour         | 1 2 |  2.1
Dodging        | 3 |  3.2
Fighting       | 4 |  4.1
Shields        | 1 |  1.3
Long Blades    | |  3.0
Stealth        | |  2.4
Invocations    | |  0.6

Action                   |  1- 3 |  4- 6 || total
-------------------------+-------+-------++-------
Melee: Falchion          |   100 |    58 ||   158
       Flail             |       |    37 ||    37
Invok: Lesser Healing    |       |     5 ||     5
       Divine Protection |       |     1 ||     1
       Heal Other        |       |     1 ||     1
 Abil: Shaft Self        |       |     1 ||     1
  Use: Scroll            |       |     5 ||     5
 Stab: Sleeping          |     7 |       ||     7
  Eat: Ration            |     1 |     1 ||     2
       Chunk             |       |     2 ||     2
Armor: Robe              |    20 |     2 ||    22
       Plate armour      |       |    67 ||    67
Dodge: Dodged            |    55 |    11 ||    66
Block: Shield            |    11 |    47 ||    58
       Rpst.: Falchion   |    19 |     2 ||    21
